 Dungeon Crawl Stone Soup version 0.32-a0-834-geaf45d8e21 (webtiles) character file.

Game seed: 4032017348565818739

66 pokeman the Magician (level 3, -1/20 HPs)
             Began as a Deep Elf Hedge Wizard on Mar 25, 2024.
             Slain by a river rat (9 damage)
             ... on level 3 of the Dungeon.
             The game lasted 00:03:15 (1899 turns).

pokeman the Magician (Deep Elf Hedge Wizard)        Turns: 1899, Time: 00:03:15

Health: -1/20      AC:  3    Str:  7    XL:     3   Next: 96%
Magic:  6/11       EV: 11    Int: 20    God:
Gold:   132        SH:  0    Dex: 14    Spells: 3/12 levels left

rFire   . . .        a - +0 dagger
rCold   . . .        (no shield)
rNeg    . . .        b - +0 robe
rPois   .            c - +0 hat
rElec   .            (no cloak)
rCorr   .            j - +0 pair of gloves
SInv    .            (no boots)
Will    .....        (no amulet)
Stlth   ++           (no ring)
HPRegen 0.23/turn    (no ring)
MPRegen 0.12/turn

%: no passive effects
@: no status effects
A: no striking features
a: no special abilities


You were on level 3 of the Dungeon.
You visited 1 branch of the dungeon, and saw 3 of its levels.

You collected 132 gold pieces.

Inventory:

Hand Weapons
 a - a +0 dagger (weapon)
Armour
 b - a +0 robe (worn)
 c - a +0 hat (worn)
 j - a +0 pair of gloves (worn)
Scrolls
 h - 4 scrolls of identify {unknown}
 k - a scroll of amnesia {unknown}
Potions
 d - a potion of magic
 e - 2 potions of mutation {unknown}
 f - a potion of brilliance {unknown}
 g - a potion of attraction {unknown}
 i - a potion of degeneration {unknown}


   Skills:
 - Level 1.0 Fighting
 - Level 1.0 Armour
 + Level 2.5 Dodging
 + Level 2.5 Stealth
 * Level 5.4 Spellcasting
 + Level 2.1 Conjurations
 - Level 1.1 Summonings
 - Level 1.1 Translocations


You had 3 spell levels left.
You knew the following spells:

 Your Spells              Type           Power      Damage    Failure   Level
a - Magic Dart            Conj           52%        1d5       4%          1
b - Mephitic Cloud        Conj/Alch/Air  8%         N/A       26%         3
c - Call Imp              Summ           18%        N/A       11%         2
d - Blink                 Tloc           18%        N/A       11%         2
e - Foxfire               Conj/Fire      36%        2x1d5     7%          1

Your spell library contained the following spells:

 Spells                   Type           Power      Damage    Failure   Level
 Apportation              Tloc           18%        N/A       7%          1
 Slow                     Hex            20%        N/A       11%         1
 Cigotuvi's Dreadful Rot  Necr/Alch/Air  10%        N/A       17%         2
 Jinxbite                 Hex            10%        N/A       17%         2
 Alistair's Intoxication  Alch           3%         N/A       97%         5
 Plasma Beam              Fire/Air       2%         2x1d12    100%        6
 Starburst                Conj/Fire      4%         6d4       100%        6


Dungeon Overview and Level Annotations

Branches:
Dungeon (3/15)

Altars:

Shops:
D:1 [   D:2 (

Portals:
Sewer: D:3


Message History

You barely miss the river rat.
The foxfire hits the river rat but does no damage. x2
The river rat barely misses you.
Unknown command.
Casting: Foxfire (safe; 7% risk of failure)
Confirm with . or Enter, or press ? or * to list all spells.
You conjure some foxfire!
The river rat bites you.
You hit the river rat.
The river rat is moderately wounded.
The foxfire hits the river rat but does no damage.
The river rat is moderately wounded.
The foxfire hits the river rat but does no damage.
The river rat is moderately wounded.
The river rat twitches its whiskers.
The river rat closely misses you.
Casting: Foxfire (safe; 7% risk of failure)
Confirm with . or Enter, or press ? or * to list all spells.
You conjure some foxfire!
The river rat bites you but does no damage.
You barely miss the river rat.
The river rat is moderately wounded.
The foxfire hits the river rat.
The river rat is moderately wounded.
The foxfire hits the river rat.
The river rat is severely wounded.
The river rat bites you but does no damage.
Casting: Foxfire (safe; 7% risk of failure)
Confirm with . or Enter, or press ? or * to list all spells.
You conjure some foxfire!
The river rat bites you.
You barely miss the river rat.
The river rat is severely wounded.
The foxfire hits the river rat but does no damage.
The river rat is severely wounded.
The foxfire hits the river rat but does no damage.
The river rat is severely wounded.
The river rat barely misses you.
Casting: Foxfire (safe; 7% risk of failure)
Confirm with . or Enter, or press ? or * to list all spells.
You conjure some foxfire!
The river rat bites you!
You die...

.... ####+#.#.######
##### #.....##.#~~~~#
....# #........#~~~~#
....# #........#~∩~~
....# #.....#..#Srr #
....# #...).#..#BB ~#
....###.....#..#r####.#
......'.....##..@v....#
#.#####.....###.v######
..# #.##.###..## ..#
#....# #.## ..# ######
.. ..# .#. ..# #+## ###


You could see a river rat (ally target), 2 giant cockroaches, a ball python and
2 rats.

Vanquished Creatures
  2 adders
  A ribbon worm (D:2)
  A dart slug (D:2)
  6 ball pythons
  2 endoplasms
  3 giant cockroaches
  6 goblins
  3 hobgoblins
  3 jackals (D:1)
  2 kobolds
  3 quokkas (D:2)
  2 bats
  4 rats
38 creatures vanquished.

Vanquished Creatures (others)
  80 foxfires
80 creatures vanquished.

Grand Total: 118 creatures vanquished

Notes
Turn   | Place    | Note
-------+----------+-------------------------------------------
     0 | D:1      | pokeman the Deep Elf Hedge Wizard began the quest for the
                  | Orb.
     0 | D:1      | Reached XP level 1. HP: 10/10 MP: 7/7
   371 | D:1      | Reached XP level 2. HP: 15/15 MP: 6/9
   695 | D:1      | Found Juprasm's Armour Emporium.
  1011 | D:2      | Reached skill level 5 in Spellcasting
  1086 | D:2      | Learned a level 1 spell: Foxfire
  1156 | D:2      | Reached XP level 3. HP: 20/20 MP: 5/11
  1160 | D:2      | Learned a level 3 spell: Mephitic Cloud
  1208 | D:2      | Learned a level 2 spell: Call Imp
  1211 | D:2      | Learned a level 2 spell: Blink
  1318 | D:2      | Found Sigen's Antique Weapon Emporium.
  1659 | D:2      | Reached skill level 1 in Fighting
  1659 | D:2      | Reached skill level 1 in Armour
  1890 | D:3      | Found a glowing drain.
  1899 | D:3      | Slain by a river rat

Illustrated notes

Levels and vault maps discovered:
D:1:      lemuel_arrival_muddy, layout_rooms, serial_curves, eino_curves_01,
          eino_curves_02, serial_shops, shop, amcnicky_mini_rare_corridor_liquid
D:2:      layout_basic, serial_shops, nicolae_square_shop
D:3:      layout_basic, hellmonk_ecumenical_altar_slurped_away,
          portal_sewer_entry_c, dk_noncrumbling_2, uniq_natasha, uniq_terence

Skill      XL: |  1  2  3 |
---------------+----------+-----
Spellcasting   | 5 |  5.4
Fighting       | 1 |  1.0
Armour         | 1 |  1.0
Conjurations   | 2 |  2.1
Dodging        | |  2.5
Stealth        | |  2.5
Summonings     | |  1.1
Translocations | |  1.1

Action                     || total
---------------------------++-------
  Melee: Dagger            ||    22
   Cast: Magic Dart        ||    46
         Foxfire           ||    44
 Armour: Robe              ||    36
  Dodge: Dodged            ||    20

Table legend: (Time is in decaauts)
 A = Elapsed time spent in this place.
 B = Non-inter-level travel time spent in this place.
 C = Inter-level travel time spent in this place.
 D = Time resting spent in this place.
 E = Time spent auto-exploring this place.
 F = Levels seen in this place.
 G = Mean time per level.
                   A        B        C        D        E       F      G
               +--------+--------+--------+--------+--------+-----+--------+
         Total |   1899 |   1849 |     50 |      0 |   1567 |   3 |  633.0 |
       Dungeon |   1899 |   1849 |     50 |      0 |   1567 |   3 |  633.0 |
               +--------+--------+--------+--------+--------+-----+--------+

Top non-repeatable levels by time:
     D:1: 937 daAuts
     D:2: 869 daAuts
     D:3: 91 daAuts
